 Dungeon Crawl Stone Soup version 0.21.1-1-g345015f (webtiles) character file.

669 ximkin the Ruffian (level 7, -5/66 HPs)
             Began as a Troll Monk on Feb 17, 2018.
             Slain by an orc warrior
             ... wielding a +0 hand axe
              (7 damage)
             ... on level 6 of the Dungeon.
             The game lasted 00:13:20 (2026 turns).

ximkin the Ruffian (Troll Monk)                     Turns: 2026, Time: 00:13:21

Health: -5/66      AC:  6    Str: 20    XL:     7   Next: 32%
Magic:  6/6        EV: 11    Int:  6    God:
Gold:   214        SH:  2    Dex: 14    Spells: 6/6 levels left

rFire    . . .     SeeInvis .     - Unarmed
rCold    . . .     Gourm    +   (no shield)
rNeg     . . .     Faith    .   a - +1 robe
rPois    .         Spirit   .   (helmet restricted)
rElec    .         Reflect  +   (no cloak)
rCorr    .         Harm     .   (gloves unavailable)
MR       .....                  (boots unavailable)
Stlth    ++........             c - +2 amulet of reflection
HPRegen  0.61/turn              (no ring)
MPRegen  0.10/turn              (no ring)

@: no status effects
A: large, unfitting armour, claws 3, fast metabolism 3, gourmand, regeneration
1, shaggy fur 1, tough skin 2
a: no special abilities


You were on level 6 of the Dungeon.
You were completely stuffed.

You visited 1 branch of the dungeon, and saw 5 of its levels.

You collected 214 gold pieces.

Inventory:

Missiles
 e - a throwing net (quivered)
Armour
 a - a +1 robe (worn)
Jewellery
 c - a +2 amulet of reflection (around neck)
Scrolls
 d - 3 scrolls of amnesia
 g - a scroll of enchant armour
 h - a scroll of enchant weapon
 i - a scroll of fear
 l - 2 scrolls of teleportation
 m - a scroll of fog
Potions
 f - a potion of cancellation
 j - a potion of heal wounds {unknown}
 k - a potion of agility
 n - a potion of might {unknown}
 o - a potion of curing {unknown}
Comestibles
 b - 8 rations
 p - 3 chunks of flesh


   Skills:
 + Level 2.7 Fighting
 + Level 3.1 Dodging
 + Level 2.1 Stealth
 * Level 7.4 Unarmed Combat


You had 6 spell levels left.
You didn't know any spells.

Dungeon Overview and Level Annotations

Branches:
Dungeon (6/15)
 Temple: D:4-7

Altars:
Elyvilon
Vehumet
Xom


Innate Abilities, Weirdness & Mutations

You are too large for most types of armour.
You have claws for hands.
Your metabolism is lightning-fast.
You like to eat raw meat.
Your natural rate of healing is unusually fast.
You are covered in fur. (AC +1)
You have very tough skin. (AC +2)


Message History

The jackal barely misses you.
The jackal splashes around in the water.
The orc priest calls upon Beogh to heal the orc warrior.
The orc warrior is healed somewhat.
You claw the orc warrior!
The orc warrior is severely wounded.
The orc warrior completely misses you. The orc hits you but does no damage.
The jackal splashes around in the water.
You scratch the orc warrior but do no damage.
The orc warrior is severely wounded.
The jackal closely misses you.
The orc warrior hits you with a hand axe!
* * * LOW HITPOINT WARNING * * *
The orc closely misses you.
You scratch the orc warrior but do no damage.
The orc warrior is severely wounded.
The jackal bites you but does no damage.
The orc priest looks braver for a moment.
The orc warrior hits you with a hand axe!
You die...

##.#≈≈≈≈≈≈≈≈
..≈≈≈≈≈≈≈≈≈
#.≈≈≈[.♣≈...
..≈≈...%♣<)
#≈≈≈≈!≈#...
≈≈≈≈≈≈≈#≈≈
#≈≈≈≈#≈≈≈≈
###@≈≈≈≈#≈≈≈
.#####oo#h≈≈≈≈≈≈≈
........o.[≈≈≈≈≈≈≈
...........#.≈≈≈≈≈
...........+##≈≈.≈
...........# #.#
...........# .
.........††#
...........#


You could see an orc warrior, an orc priest, an orc and a jackal.

Vanquished Creatures
  The ghost of buskinjo the Cudgeler, an amateur DrSk (D:4)
  A phantom (D:4)
  An ogre (D:4)
  An orc priest (D:6)
  2 hounds
  Natasha (thrice) (D:4)
  2 worker ants
  An adder (D:2)
  2 shadow imps (D:5)
  4 dart slugs (D:6)
  A leopard gecko (D:5)
  5 orcs
  3 giant cockroaches
  4 goblins (D:1)
  3 hobgoblins (D:1)
  16 jackals
  2 kobolds (D:1)
  A quokka (D:4)
  A ball python (D:2)
  4 bats
  6 frilled lizards
  6 rats
70 creatures vanquished.

Notes
Turn   | Place    | Note
-------+----------+-------------------------------------------
     0 | D:1      | ximkin the Troll Monk began the quest for the Orb.
     0 | D:1      | Reached XP level 1. HP: 22/22 MP: 0/0
   186 | D:1      | Reached XP level 2. HP: 20/29 MP: 1/1
   509 | D:1      | Reached XP level 3. HP: 36/36 MP: 2/2
  1011 | D:2      | Reached skill level 4 in Unarmed Combat
  1013 | D:2      | Found a white marble altar of Elyvilon.
  1026 | D:2      | You fall through a shaft for 2 floors!
  1053 | D:4      | Reached XP level 4. HP: 39/44 MP: 3/3
  1074 | D:4      | Noticed buskinjo's ghost (amateur DrSk)
  1095 | D:4      | Noticed a phantom
  1111 | D:4      | Killed a phantom
  1111 | D:4      | Reached skill level 5 in Unarmed Combat
  1111 | D:4      | Reached XP level 5. HP: 45/50 MP: 4/4
  1180 | D:4      | Noticed an ogre
  1187 | D:4      | Killed an ogre
  1233 | D:4      | Reached XP level 6. HP: 50/59 MP: 5/5
  1314 | D:4      | Killed buskinjo's ghost
  1314 | D:4      | Reached skill level 6 in Unarmed Combat
  1597 | D:4      | Noticed Natasha
  1605 | D:4      | Killed Natasha
  1693 | D:4      | Noticed Natasha
  1702 | D:4      | Killed Natasha
  1702 | D:4      | Reached XP level 7. HP: 41/66 MP: 6/6
  1715 | D:4      | Reached skill level 7 in Unarmed Combat
  1728 | D:4      | Noticed Natasha
  1732 | D:4      | Killed Natasha
  1740 | D:5      | Entered Level 5 of the Dungeon
  1741 | D:5      | Found a shimmering altar of Xom.
  1761 | D:5      | Found a shimmering altar of Xom.
  1776 | D:5      | Found a radiant altar of Vehumet.
  1967 | D:5      | You fall through a shaft!
  2025 | D:6      | HP: 1/66 [orc warrior/hand axe (11)]
  2026 | D:6      | Slain by an orc warrior

Skill      XL: |  1  2  3  4  5  6  7 |
---------------+----------------------+-----
Unarmed Combat | 4 5 6 7 |  7.4
Dodging        | 3 |  3.1
Stealth        | 2 |  2.1
Fighting       | |  2.7

Action                   |  1- 3 |  4- 6 |  7- 9 || total
-------------------------+-------+-------+-------++-------
Melee: Unarmed           |   109 |    71 |    52 ||   232
       Punch             |     1 |     1 |     1 ||     3
  Use: Scroll            |     1 |     9 |       ||    10
 Stab: Sleeping          |     6 |     2 |     1 ||     9
  Eat: Chunk             |    12 |     6 |     6 ||    24
Armor: Robe              |    51 |    15 |    21 ||    87
Dodge: Dodged            |    65 |    24 |    41 ||   130
Block: Other             |       |       |     3 ||     3
